 Dungeon Crawl Stone Soup version 0.20-a0-1118-g35a2cd3 (webtiles) character file.

7525 MackTheKnife the Nimble (level 11, 0/89 HPs)
             Began as a Gnoll Wanderer on May 10, 2017.
             Was an Elder of Kikubaaqudgha.
             Slain by an unseen horror (10 damage)
             ... on level 10 of the Dungeon.
             The game lasted 00:23:20 (11906 turns).

MackTheKnife the Nimble (Gnoll Wanderer)           Turns: 11906, Time: 00:23:20

Health: 0/89       AC:  6    Str: 15    XL:     11   Next: 16%
Magic:  23/23      EV: 15    Int: 13    God:    Kikubaaqudgha [****..]
Gold:   355        SH:  0    Dex: 13    Spells: 19/26 levels left

rFire    . . .     SeeInvis .   w - +1 double sword (venom)
rCold    . . .     Gourm    .   (no shield)
rNeg     . . .     Faith    .   n - +0 ring mail
rPois    +         Spirit   .   d - +0 hat
rElec    .         Reflect  .   A - +0 cloak
rCorr    .         Harm     .   (no gloves)
MR       +....                  (no boots)
Stlth    +.........             (no amulet)
Regen    0.3/turn               m - ring of protection from magic {MR+, !d}
MPRegen  0.2/turn               z - ring of poison resistance {rPois, !d}

@: drained
A: short attention span, fangs 1, strong nose
a: Receive Corpses, Renounce Religion


You were on level 10 of the Dungeon.
You worshipped Kikubaaqudgha.
Kikubaaqudgha was greatly pleased with you.
You were not hungry.

You visited 1 branch of the dungeon, and saw 10 of its levels.

You collected 520 gold pieces.
You spent 165 gold pieces at shops.

Inventory:

Hand Weapons
 w - a +1 double sword of venom (weapon)
   (You bought it in a shop on level 5 of the Dungeon)
Missiles
 G - a throwing net {=f, !d}
Armour
 d - a +0 hat (worn)
   (You found it on level 7 of the Dungeon)
 n - a +0 ring mail (worn)
   (You found it on level 1 of the Dungeon)
 A - a +0 cloak (worn)
   (You took it off Crazy Yiuf on level 5 of the Dungeon)
Jewellery
 m - a ring of protection from magic (left hand) {MR+, !d}
   (You found it on level 1 of the Dungeon)
 q - a +4 ring of strength
   (You found it on level 9 of the Dungeon)
 r - an uncursed ring of protection from fire {rF+, !d}
   (You found it on level 2 of the Dungeon)
 z - a ring of poison resistance (right hand) {rPois, !d}
   (You found it on level 6 of the Dungeon)
 E - an uncursed ring of ice {unknown}
   (You found it on level 10 of the Dungeon)
Wands
 u - a wand of iceblast (4/15)
   (You found it on level 8 of the Dungeon)
 x - a wand of paralysis (1/24)
   (You took it off Pikel on level 5 of the Dungeon)
 D - a wand of acid (2/15)
   (You found it on level 6 of the Dungeon)
Scrolls
 a - a scroll of recharging
 b - 5 scrolls of teleportation
 k - a scroll of amnesia
 t - 4 scrolls of remove curse
 y - a scroll of blinking {!r}
 C - 3 scrolls of identify
Potions
 c - 6 potions of lignification {!q}
 e - 3 potions of flight
 h - a potion of invisibility
 i - 3 potions of haste
 j - 2 potions of agility
 l - a potion of resistance
 B - a potion of curing
 F - 2 potions of cancellation
Books
 o - Kikubaaqudgha's Incunabulum of Stolen Souls
   (Kikubaaqudgha gifted it to you on level 5 of the Dungeon)

   Spells                             Type                      Level
   a - Animate Dead                   Necromancy                   4
   b - Excruciating Wounds            Charms/Necromancy            5
   c - Bolt of Draining               Conjuration/Necromancy       5
   d - Cigotuvi's Embrace             Necromancy                   5
   e - Dispel Undead                  Necromancy                   5
 s - Kikubaaqudgha's Collected Works on Black Rites
   (Kikubaaqudgha gifted it to you on level 2 of the Dungeon)

   Spells                             Type                      Level
   a - Animate Skeleton               Necromancy                   1
   b - Corpse Rot                     Necromancy                   2
   c - Sublimation of Blood           Necromancy                   2
   d - Regeneration                   Charms/Necromancy            3
   e - Control Undead                 Necromancy                   4
Miscellaneous
 v - a phantom mirror
Comestibles
 f - 7 bread rations {@e1}
 g - 4 royal jellies
 p - 7 fruits
 H - 3 meat rations {@e2}


   Skills:
 - Level 9.1(8.3) Fighting
   Level 5.7(7.6) Short Blades
 + Level 9.5(8.8) Long Blades
 - Level 10.0(9.1) Dodging
   Level 3.2(2.6) Shields
 - Level 8.2(7.4) Spellcasting
 - Level 8.4(7.6) Necromancy


You had 19 spell levels left.
You knew the following spells:

 Your Spells              Type           Power        Failure   Level  Hunger
c - Corpse Rot            Necr           N/A          1%          2    #......
d - Animate Dead          Necr           N/A          12%         4    ####...
z - Animate Skeleton      Necr           N/A          1%          1    None


Dungeon Overview and Level Annotations

Branches:
Dungeon (10/15)            Temple (0/1) D:4            Lair (0/6) D:8
    Orc (0/2) D:9

Altars:
Cheibriados
Elyvilon
Fedhas
Kikubaaqudgha
Okawaru
Qazlal
Trog
Zin
The Shining One

Shops:
D:5 (


Innate Abilities, Weirdness & Mutations

You have a short attention span.
You have very sharp teeth.
Your uncanny sense of smell can sniff out nearby items.


Message History

The ogre closely misses you.
You riposte.
You slash the ogre!
You kill the ogre!
Kikubaaqudgha accepts your kill.
No target in view!
No target in view!
Things that are here:
a giant club; an ogre corpse
E - a knobbly coral ring You regained 3 hp, and now have 73/89 hp.
A shadow imp comes into view.
The shadow imp shouts, "Bolt, thou lumpish fool-headed whey-face!"
You regained 2 hp, and now have 75/89 hp.
A shadow imp is nearby! 2 wights come into view.
A wight is wielding a mace of freezing.
The shadow imp completely misses you.
You slash the shadow imp! The shadow imp closely misses you.
You hit the shadow imp.
The shadow imp is poisoned.
You bite the shadow imp.
You kill the shadow imp!
Kikubaaqudgha accepts your kill.
You slash the wight! The wight barely misses you.
You closely miss the wight. You bite the wight, but do no damage.
The wight hits you with a battleaxe.
You feel drained.
A wight comes into view.
It is wielding an enchanted morningstar.
You take 5 damage, and have 71/89 hp.
You barely miss the wight. You closely miss the wight.
The wight hits you with a mace of freezing.
You feel drained. The wight freezes you. The wight barely misses you.
You take 2 damage, and have 69/89 hp.
You closely miss the wight. The wight misses you.
You riposte.
You slice the wight!!
You destroy the wight!
Kikubaaqudgha accepts your kill. The wight misses you.
You slash the wight!
You destroy the wight!
Kikubaaqudgha accepts your kill. The wight closely misses you.
You hit the wight.
The wight hits you with a mace of freezing.
You feel drained. The wight freezes you.
You take 8 damage, and have 62/89 hp.
You closely miss the wight. You closely miss the wight. The wight misses you.
You slash the wight! Your bite misses the wight. The wight misses you.
You hit the wight but do no damage.
The wight hits you with a mace of freezing!
The wight freezes you.
You take 9 damage, and have 54/89 hp.
You hit the wight but do no damage. The wight completely misses you.
You slash the wight!
You destroy the wight!
Kikubaaqudgha accepts your kill.
I - a mace of freezing You see here a robe.
Things that are here:
an enchanted morningstar; a robe Drop what? 35/52 slots (_ for help) (? for menu, Esc to quit)
You drop a mace of freezing.
Things that are here:
a battleaxe; a robe
Found a stone staircase leading down.
You now have 355 gold pieces (gained 19).
Deactivating autopickup; reactivate with Ctrl-A.
You closely miss something. Something hits you!
Something hits you but does no damage.
You take 8 damage, and have 49/89 hp.
You completely miss something. Something hits you. Something hits you!
You take 8 damage, and have 41/89 hp.
You miss something. Something hits you but does no damage. Something hits you!
Something hits you but does no damage.
You take 10 damage, and have 31/89 hp.
Something hits you.
You take 3 damage, and have 28/89 hp.
Something hits you.
* * * LOW HITPOINT WARNING * * *
You take 2 damage, and have 26/89 hp.
You swing at nothing.
Something hits you!
* * * LOW HITPOINT WARNING * * *
You take 9 damage, and have 17/89 hp.
You swing at nothing.
Something hits you but does no damage.
Unknown command.
Okay, then.
Okay, then.
Okay, then.
Something hits you but does no damage. Something hits you.
* * * LOW HITPOINT WARNING * * *
Something hits you but does no damage.
You take 5 damage, and have 13/89 hp.
Something hits you.
* * * LOW HITPOINT WARNING * * *
There is a stone staircase leading down here.
You take 3 damage, and have 10/89 hp.
Something hits you!
You die...
Kikubaaqudgha rasps: "You have failed me!
Welcome... death!"

...... .........#...#
∆##.... .......#....... #
#..... ............... #.
#.#{#. .......#....### #.#
.....##......#....# ##...
#...............# ##..#.#
##...#.........#
.......###....####...).##
..........@...#####..[)####
.......##..#...............
....... #####...###........
.###### ###.# #........ #.#
#.###.... #..∆#.# ....
###.#.# .... .... .... ...


There were no monsters in sight!

Vanquished Creatures
  2 two-headed ogres (D:9)
  Pikel (D:5)
  A troll (D:9)
  Grinder (D:6)
  Prince Ribbit (D:5)
  A hippogriff (D:8)
  3 yaks (D:9)
  A warg (D:9)
  2 hell hounds (D:8)
  2 water moccasins
  5 orc warriors
  3 slaves
  2 sky beasts
  3 black bears
  The ghost of yrara the Skirmisher, an amateur DsFi (D:3)
  4 centaurs
  3 ogres
  4 bullfrogs
  3 wights (D:10)
  An electric eel (D:9)
  3 centaur zombies
  3 crimson imps
  4 hounds
  Crazy Yiuf (D:5)
  A centaur skeleton (D:7)
  5 orc priests
  7 orc wizards
  5 iguanas
  6 worker ants
  A howler monkey skeleton (D:4)
  11 adders
  3 gnolls (D:10)
  2 shadow imps
  2 worms
  6 dart slugs
  3 leopard geckos
  33 orcs
  4 giant cockroaches
  12 goblins
  7 hobgoblins
  6 jackals
  2 quokkas
  2 ball pythons
  8 bats
  5 frilled lizards
  A giant cockroach zombie (D:8)
  7 kobolds
  A quokka zombie (D:7)
  7 rats
202 creatures vanquished.

Vanquished Creatures (collateral kills)
  The ghost of yrara the Basher, a novice DsFi of Gozag (D:9)
  An ugly thing (D:9)
  An iguana (D:9)
  A worker ant (D:4)
4 creatures vanquished.

Grand Total: 206 creatures vanquished

Notes
Turn   | Place    | Note
-------+----------+-------------------------------------------
     0 | D:1      | MackTheKnife the Gnoll Wanderer began the quest for the Orb.
     0 | D:1      | MackTheKnife set off with: a +2 short sword, a scroll of teleportation, a potion of lignification {!q}, a +0 robe, a bread ration {@e1}
     0 | D:1      | Reached XP level 1. HP: 22/22 MP: 1/1
   212 | D:1      | Found a glowing golden altar of the Shining One.
   252 | D:1      | Reached skill level 4 in Short Blades
   271 | D:1      | Reached XP level 2. HP: 26/29 MP: 2/2
   712 | D:1      | Reached skill level 4 in Dodging
   960 | D:2      | Reached XP level 3. HP: 35/35 MP: 3/3
  1047 | D:2      | Found a faded altar of an unknown god.
  1081 | D:2      | Became a worshipper of Kikubaaqudgha
  1081 | D:2      | Reached * piety under Kikubaaqudgha
  1081 | D:2      | Identified Kikubaaqudgha's Collected Works on Black Rites (Kikubaaqudgha gifted it to you on level 2 of the Dungeon)
  1081 | D:2      | Received a gift from Kikubaaqudgha
  1087 | D:2      | Learned a level 1 spell: Animate Skeleton
  1127 | D:2      | Reached XP level 4. HP: 38/41 MP: 4/4
  1203 | D:2      | Reached skill level 5 in Short Blades
  1327 | D:2      | HP: 10/41 [poisoned by a kobold]
  1733 | D:3      | Reached skill level 1 in Spellcasting
  1745 | D:3      | Reached skill level 1 in Necromancy
  1800 | D:3      | Reached skill level 2 in Spellcasting
  1800 | D:3      | Reached skill level 2 in Necromancy
  1800 | D:3      | Reached XP level 5. HP: 27/47 MP: 6/9
  1887 | D:3      | Reached ** piety under Kikubaaqudgha
  1895 | D:3      | Reached skill level 3 in Spellcasting
  1895 | D:3      | Reached skill level 3 in Necromancy
  1914 | D:3      | Learned a level 2 spell: Corpse Rot
  2002 | D:3      | Reached skill level 4 in Necromancy
  2011 | D:3      | Reached skill level 4 in Spellcasting
  2011 | D:3      | Reached XP level 6. HP: 32/53 MP: 9/12
  2412 | D:3      | Reached skill level 5 in Dodging
  2540 | D:3      | Noticed yrara's ghost (amateur DsFi)
  2551 | D:3      | Killed yrara's ghost
  2551 | D:3      | Reached skill level 7 in Fighting
  2868 | D:4      | Reached skill level 6 in Dodging
  2917 | D:4      | Reached XP level 7. HP: 48/60 MP: 13/13
  3662 | D:4      | Found a staircase to the Ecumenical Temple.
  3913 | D:5      | Entered Level 5 of the Dungeon
  3913 | D:5      | Noticed Prince Ribbit
  4063 | D:5      | Found a stormy altar of Qazlal.
  4090 | D:5      | Noticed Pikel
  4118 | D:5      | HP: 14/61 [something (5)]
  4123 | D:5      | HP: 12/61 [something (3)]
  4135 | D:5      | HP: 9/61 [slave[Pikel] (5)]
  4395 | D:5      | Reached skill level 7 in Dodging
  4442 | D:5      | Killed Prince Ribbit
  4442 | D:5      | Reached skill level 8 in Fighting
  4442 | D:5      | Reached XP level 8. HP: 32/68 MP: 11/14
  4540 | D:5      | HP: 17/68 [centaur (5)]
  4545 | D:5      | HP: 7/68 [centaur (5)]
  4546 | D:5      | HP: 3/68 [centaur (4)]
  4548 | D:5      | HP: 1/68 [jackal (2)]
  4553 | D:5      | HP: 9/68 [jackal (1)]
  4557 | D:5      | Reached *** piety under Kikubaaqudgha
  4557 | D:5      | Identified Kikubaaqudgha's Incunabulum of Stolen Souls (Kikubaaqudgha gifted it to you on level 5 of the Dungeon)
  4557 | D:5      | Received a gift from Kikubaaqudgha
  4960 | D:5      | Found Xigeori's Weapon Boutique.
  4980 | D:5      | Bought a +0 double sword for 165 gold pieces
  5005 | D:5      | Found a snail-covered altar of Cheibriados.
  5257 | D:5      | Reached skill level 1 in Long Blades
  5262 | D:5      | Reached skill level 2 in Long Blades
  5374 | D:5      | Killed Pikel
  5374 | D:5      | Reached skill level 7 in Long Blades
  5908 | D:5      | Found a runed door.
  5912 | D:5      | Noticed Crazy Yiuf
  5916 | D:5      | Killed Crazy Yiuf
  6202 | D:6      | Got a crude spear
  6380 | D:6      | Reached skill level 8 in Long Blades
  6590 | D:6      | Noticed Grinder
  6604 | D:6      | Killed Grinder
  6604 | D:6      | Reached XP level 9. HP: 74/74 MP: 15/15
  6807 | D:6      | Reached skill level 5 in Necromancy
  6894 | D:7      | Reached skill level 5 in Spellcasting
  7169 | D:7      | Reached skill level 6 in Necromancy
  7171 | D:7      | Reached skill level 6 in Spellcasting
  7566 | D:7      | Reached skill level 7 in Necromancy
  7570 | D:7      | Found an iron altar of Okawaru.
  7616 | D:7      | Learned a level 4 spell: Animate Dead
  7640 | D:7      | Reached skill level 7 in Spellcasting
  7648 | D:7      | HP: 16/74 [something (6)]
  7660 | D:7      | HP: 10/74 [sky beast (3)]
  7660 | D:7      | HP: 4/74 [sky beast (6)]
  7936 | D:7      | Found a white marble altar of Elyvilon.
  7998 | D:7      | Found a bloodstained altar of Trog.
  8269 | D:7      | Identified the +2 spear of the Fifty Eyes {speed, rC++ Str+2 Dex-4} (You found it on level 6 of the Dungeon)
  8692 | D:8      | Reached skill level 8 in Spellcasting
  8692 | D:8      | Reached skill level 8 in Necromancy
  8700 | D:8      | Reached XP level 10. HP: 63/80 MP: 22/22
  8734 | D:8      | Found a glowing silver altar of Zin.
  8780 | D:8      | Found a staircase to the Lair.
  9259 | D:8      | Found a blossoming altar of Fedhas.
  9543 | D:9      | Noticed a two-headed ogre
  9556 | D:9      | Killed a two-headed ogre
  9556 | D:9      | Reached skill level 9 in Long Blades
  9807 | D:9      | Noticed a purple ugly thing
  9817 | D:9      | HP: 20/82 [purple ugly thing (17)]
  9819 | D:9      | HP: 9/82 [purple ugly thing (11)]
  9821 | D:9      | Killed a purple ugly thing
  9821 | D:9      | Reached skill level 9 in Fighting
 10324 | D:9      | Reached skill level 8 in Dodging
 10596 | D:9      | Reached skill level 9 in Dodging
 10628 | D:9      | Found a staircase to the Orcish Mines.
 10767 | D:9      | Reached **** piety under Kikubaaqudgha
 10798 | D:9      | Noticed a two-headed ogre
 10804 | D:9      | Killed a two-headed ogre
 10804 | D:9      | Reached XP level 11. HP: 35/89 MP: 23/23
 10927 | D:9      | Noticed yrara's ghost (novice DsFi)
 10951 | D:9      | Killed yrara's ghost
 11158 | D:9      | Reached skill level 10 in Dodging
 11737 | D:10     | Entered Level 10 of the Dungeon
 11901 | D:10     | HP: 17/89 [something (9)]
 11906 | D:10     | Slain by an unseen horror

Vault maps used:
D:1:      lightli_arrival_lavapool, tso_metal_star
D:2:      chequers_ecumenical_altar_simple, first_bread
D:3:      minmay_crystal_room, minmay_misc_feat_tower
D:4:      temple_doors_cd
D:5:      cheibrodos_worm_habitat, serial_shops, nicolae_shop_window_shopping,
          enter_ossuary_2, grunt_qazlal_sundering, uniq_pikel,
          uniq_crazy_yiuf_cottage, uniq_prince_ribbit1
D:6:      bh_walls_and_bars, uniq_grinder
D:7:      elyvilon_altar_5, basic_altar, grunt_ogre_cave, trog_butcher_becter
D:8:      old_standard_altar, minmay_lair_entry_lava, fedhas_altar_2
D:9:      david_orc_1_choice

Skill      XL: |  1  2  3  4  5  6  7  8  9 10 11 |
---------------+----------------------------------+-----
Short Blades   | 4 5 |  5.7
Dodging        | 4 6 7 9 10 | 10.0
Spellcasting   | 2 4 8 |  8.2
Necromancy     | 2 4 8 |  8.4
Fighting       | 7 8 9 |  9.1
Long Blades    | 8 9 |  9.5
Shields        | |  3.2

Action                   |  1- 3 |  4- 6 |  7- 9 | 10-12 || total
-------------------------+-------+-------+-------+-------++-------
Melee: Short sword       |    84 |    28 |       |       ||   112
       Bite              |     7 |    20 |    42 |    17 ||    86
       Dagger            |       |   170 |   193 |       ||   363
       Whip              |       |       |   142 |       ||   142
       Double sword      |       |       |    21 |   147 ||   168
 Cast: Animate Skeleton  |       |     8 |     5 |     2 ||    15
       Corpse Rot        |       |     1 |     7 |     2 ||    10
       Animate Dead      |       |       |     1 |     5 ||     6
Invok: Receive Corpses   |       |       |     2 |     3 ||     5
Evoke: Wand              |       |       |    13 |     2 ||    15
  Use: Scroll            |     1 |     3 |    10 |     4 ||    18
       Potion            |       |     3 |     3 |       ||     6
 Stab: Paralysed         |       |       |     8 |       ||     8
       Distracted        |       |       |       |     1 ||     1
  Eat: Chunk             |       |     7 |    14 |     8 ||    29
       Fruit             |       |       |     1 |       ||     1
       Bread ration      |       |       |     1 |     1 ||     2
Armor: Robe              |     3 |       |       |       ||     3
       Ring mail         |    22 |    54 |    72 |    35 ||   183
Dodge: Dodged            |    51 |    99 |   217 |    94 ||   461
       Rpst.: Double sword |       |       |     6 |    27 ||    33

Vault maps used:
D:1:      lightli_arrival_lavapool, tso_metal_star
D:2:      chequers_ecumenical_altar_simple, first_bread
D:3:      minmay_crystal_room, minmay_misc_feat_tower
D:4:      temple_doors_cd
D:5:      cheibrodos_worm_habitat, serial_shops, nicolae_shop_window_shopping,
          enter_ossuary_2, grunt_qazlal_sundering, uniq_pikel,
          uniq_crazy_yiuf_cottage, uniq_prince_ribbit1
D:6:      bh_walls_and_bars, uniq_grinder
D:7:      elyvilon_altar_5, basic_altar, grunt_ogre_cave, trog_butcher_becter
D:8:      old_standard_altar, minmay_lair_entry_lava, fedhas_altar_2
D:9:      david_orc_1_choice

Table legend:
 A = Turns spent in this place as a percentage of turns spent in the entire game.
 B = Non-inter-level travel turns spent in this place as a percentage of non-inter-level travel turns spent in the entire game.
 C = Inter-level travel turns spent in this place as a percentage of turns spent in this place.
 D = Turns resting spent in this place as a percentage of non-inter-level travel turns spent in this place.
 E = Turns spent auto-exploring this place as a percentage of non-inter-level travel turns spent in this place.
 F = Non-inter-level travel turns spent in this place divided by the number of levels of this place that you've seen.
                   A       B       C       D       E      F
               +-------+-------+-------+-------+-------+----------------------
         Total | 100.0 | 100.0 |   0.5 |   2.5 |   8.4 | 285.3
       Dungeon | 100.0 | 100.0 |   0.5 |   2.5 |   8.4 | 285.3
               +-------+-------+-------+-------+-------+----------------------

Table legend:
 A = Kills in this place as a percentage of kills in entire the game.
 B = Kills by you in this place as a percentage of kills by you in the entire game.
 C = Kills by friends in this place as a percentage of kills by friends in the entire game.
 D = Other kills in this place as a percentage of other kills in the entire game.
 E = Experience gained in this place as a percentage of experience gained in the entire game.
 F = Experience gained in this place divided by the number of levels of this place that you have seen.
                   A       B       C       D       E      F
               +-------+-------+-------+-------+-------+----------------------
         Total | 100.0 | 100.0 | 100.0 |  -nan | 100.0 | 1075.0
       Dungeon | 100.0 | 100.0 | 100.0 |  -nan | 100.0 | 1075.0
               +-------+-------+-------+-------+-------+----------------------
